[Event "UZB-ch Women 2019"]
[Site "Tashkent"]
[Date "2019.05.09"]
[Round "6.2"]
[White "Omonova, Umida"]
[Black "Khusainova, Ozoda"]
[Result "1-0"]
[ECO "B42"]
[WhiteElo "2083"]
[BlackElo "1674"]
[Annotator "NA RC"]
[PlyCount "77"]
[EventDate "2019.05.04"]
[EventType "tourn"]
[EventCountry "UZB"]
[SourceTitle "playchess.com"]
[Source "ChessBase"]
[SourceQuality "1"]
[TimeControl "5400+30"]

1. e4 c5 2. Nf3 e6 3. d4 cxd4 4. Nxd4 a6 5. Bd3 Qc7 6. O-O Nc6 7. Nxc6 bxc6 8. Qe2 d5 9. c4 Nf6 10. Nd2 Bd6 11. g3 Bb7 12. f4 O-O-O 13. e5 Bc5+ 14. Kg2 Nd7 15. cxd5 exd5 16. Bxa6 g5 17. Bxb7+ Kxb7 18. b4 Bd4 19. Rb1 gxf4 20. gxf4 Rhg8+ 21. Kh1 Rg7 22. Nb3 Qb6 23. Qd3 Nxe5 24. fxe5 Bxe5 25. Nc5+ Ka8 26. Bf4 Bxf4 27. Rxf4 Rdg8 28. Rbf1 Qa7 29. Qd4 Qe7 30. Qf2 Qg5 31. a4 Qh5 32. Rxf7 Qg6 33. Rxg7 Qxg7 34. Qe2 h5 35. Qa6+ Kb8 36. Qb6+ Ka8 37. Qxc6+ Kb8 38. Nd7+ Ka7 39. Qb6+ 1-0

[Event "UZB-ch Women 2019"]
[Site "Tashkent"]
[Date "2019.05.09"]
[Round "6.3"]
[White "Hamrakulova, Yulduz"]
[Black "Abdukarimova, Hilola"]
[Result "0-1"]
[ECO "E63"]
[WhiteElo "2009"]
[BlackElo "1910"]
[Annotator "NA RC"]
[PlyCount "95"]
[EventDate "2019.05.04"]
[EventType "tourn"]
[EventCountry "UZB"]
[SourceTitle "playchess.com"]
[Source "ChessBase"]
[SourceQuality "1"]
[TimeControl "5400+30"]

1. Nf3 Nf6 2. c4 g6 3. g3 Bg7 4. Bg2 O-O 5. O-O d6 6. d4 Nc6 7. Nc3 a6 8. h3 Rb8 9. a4 Na5 10. Nd2 c5 11. d5 Bd7 12. Ra2 b5 13. axb5 axb5 14. b3 Qb6 15. Qc2 bxc4 16. bxc4 Nb3 17. Rb2 Nd4 18. Qd3 Qa5 19. Kh1 Rxb2 20. Bxb2 Rb8 21. Ra1 Qc7 22. Rb1 Bf5 23. e4 Bc8 24. f4 Ba6 25. Ba1 Nd7 26. Re1 Qa5 27. Kh2 Rb4 28. Ne2 Nf3+ 29. Bxf3 Bxa1 30. Rc1 Bg7 31. Rc2 Nb6 32. Nc1 Rb2 33. Ncb3 Qb4 34. Rxb2 Bxb2 35. Be2 Bc3 36. Qc2 Nxc4 37. Nxc4 Bxc4 38. Bxc4 Qxc4 39. Na5 Qd4 40. Nc6 Qe3 41. Nxe7+ Kf8 42. Nc8 Be1 43. Qg2 c4 44. Nxd6 c3 45. Qa2 Qxg3+ 46. Kh1 Qf3+ 47. Kg1 Qg3+ 48. Kf1 0-1

[Event "UZB-ch Women 2019"]
[Site "Tashkent"]
[Date "2019.05.09"]
[Round "6.4"]
[White "Abdusattorova, Bakhora"]
[Black "Orazmukhammedova, Makhim"]
[Result "1-0"]
[ECO "B42"]
[WhiteElo "2094"]
[BlackElo "1928"]
[Annotator "NA RC"]
[PlyCount "87"]
[EventDate "2019.05.04"]
[EventType "tourn"]
[EventCountry "UZB"]
[SourceTitle "playchess.com"]
[Source "ChessBase"]
[SourceQuality "1"]
[TimeControl "5400+30"]

1. e4 c5 2. Nf3 e6 3. d4 cxd4 4. Nxd4 a6 5. Bd3 Nc6 6. Nxc6 dxc6 7. O-O e5 8. Nd2 Qc7 9. a4 Nf6 10. a5 Be6 11. Qe2 Bc5 12. Kh1 O-O 13. Nc4 Rfe8 14. Bg5 Nd7 15. Ne3 f6 16. Bh4 Nf8 17. Nf5 Rad8 18. Bc4 Bb4 19. Bxe6+ Nxe6 20. Qg4 Kh8 21. c3 Bxa5 22. Nxg7 Qxg7 23. Qf5 Ng5 24. Rxa5 Rd2 25. b3 Rg8 26. Bg3 Qg6 27. Rxe5 Qxf5 28. Rxf5 Nxe4 29. Bh4 Rg6 30. Re1 Kg7 31. h3 Nd6 32. Rh5 Rd3 33. Re7+ Kf8 34. Rhxh7 Rxc3 35. Rd7 Ne8 36. Rxb7 Rc1+ 37. Kh2 a5 38. Bg3 Rg7 39. Rh8+ Rg8 40. Rh4 Rc3 41. Bf4 Ng7 42. Bd6+ Ke8 43. Re4+ Kd8 44. Ree7 1-0

[Event "UZB-ch Women 2019"]
[Site "Tashkent"]
[Date "2019.05.10"]
[Round "7.1"]
[White "Baymuratova, Sevara"]
[Black "Yakubbaeva, Nilufar"]
[Result "0-1"]
[ECO "A46"]
[WhiteElo "2119"]
[BlackElo "2134"]
[Annotator "ChessBase"]
[PlyCount "90"]
[EventDate "2019.05.04"]
[EventType "tourn"]
[EventCountry "UZB"]
[SourceTitle "playchess.com"]
[Source "ChessBase"]
[SourceQuality "1"]
[TimeControl "5400+30"]

1. d4 Nf6 2. Nf3 e6 3. g3 d5 4. Bg2 Be7 5. O-O O-O 6. c4 b6 7. Nc3 c6 8. b3 Nbd7 9. Bb2 Ba6 10. cxd5 cxd5 11. a4 Ne4 12. Nxe4 dxe4 13. Nd2 f5 14. Nc4 Rc8 15. Rc1 Nf6 16. f3 Qd5 17. fxe4 Nxe4 18. Qd3 Bg5 19. Rc2 Rf7 20. Bc1 Bf6 21. Be3 Rfc7 22. Rfc1 h6 23. Bf3 g5 24. g4 Rf8 25. Bxe4 fxe4 26. Qd2 Rfc8 27. Qc3 Bg7 28. Kg2 Qd7 29. h3 Bxc4 30. bxc4 Qxa4 31. Ra1 Rxc4 32. Qxc4 Rxc4 33. Rxa4 Rxc2 34. Kf2 Rc7 35. Bd2 a5 36. Ke3 Rc2 37. Be1 Bf6 38. Bg3 Rc3+ 39. Kf2 Bd8 40. Kg2 b5 41. Ra2 b4 42. Be5 b3 43. Ra1 Kf7 44. d5 Rc2 45. Kf1 b2 0-1

[Event "UZB-ch Women 2019"]
[Site "Tashkent"]
[Date "2019.05.10"]
[Round "7.2"]
[White "Orazmukhammedova, Makhim"]
[Black "Kurbonboeva, Sarvinoz"]
[Result "1/2-1/2"]
[ECO "E73"]
[WhiteElo "1928"]
[BlackElo "2297"]
[Annotator "NA"]
[PlyCount "70"]
[EventDate "2019.05.04"]
[EventType "tourn"]
[EventCountry "UZB"]
[SourceTitle "playchess.com"]
[Source "ChessBase"]
[SourceQuality "1"]
[TimeControl "5400+30"]

1. d4 Nf6 2. c4 g6 3. Nc3 Bg7 4. e4 d6 5. Be2 O-O 6. Bg5 Na6 7. Nf3 h6 8. Bh4 e5 9. d5 c6 {[%emt 0:03:47] E92: King's Indian: Classical: 6 Be2 e5: 7 dxe5, 7 Be3 and Petrosian System without 7...Nbd7} 10. O-O cxd5 (10... Qb6 11. dxc6 bxc6 12. Bxf6 Bxf6 13. Qxd6 Kg7 14. Na4 Qb7 15. Qa3 Rb8 16. b3 Bg4 17. Rad1 {½-½ (36) L'Ami,E (2634)-Gordievsky,D (2622) Wijk aan Zee 2018}) 11. cxd5 Bd7 12. Nd2 Qb8 13. Bxa6 $146 ({Predecessor:} 13. Qb1 Nh7 14. g4 Bf6 15. Bxf6 Nxf6 16. f3 Nc7 17. b4 {0-1 (33) Ansner,B (2140)-Olesen,M (2340) Stockholm 1994}) 13... bxa6 14. Qb3 Rc8 15. f3 h5 16. Qc2 Be8 17. Rab1 Nd7 18. Rfc1 Bh6 19. Bf2 a5 20. b3 Qb4 21. a3 Qxc3 22. Qxc3 Rxc3 23. Rxc3 Bxd2 24. Rc6 Nb6 25. Rxd6 Bg5 26. Bxb6 axb6 27. Kh1 Rb8 28. f4 exf4 29. Rc1 Be7 30. Rdc6 Bxc6 31. Rxc6 Bxa3 32. d6 Rd8 33. e5 Bb2 34. Rxb6 Bxe5 $19 35. Rb5 Rxd6 1/2-1/2

[Event "UZB-ch Women 2019"]
[Site "Tashkent"]
[Date "2019.05.10"]
[Round "7.3"]
[White "Abdukarimova, Hilola"]
[Black "Abdusattorova, Bakhora"]
[Result "0-1"]
[ECO "E04"]
[WhiteElo "1910"]
[BlackElo "2094"]
[Annotator "NA"]
[PlyCount "196"]
[EventDate "2019.05.04"]
[EventType "tourn"]
[EventCountry "UZB"]
[SourceTitle "playchess.com"]
[Source "ChessBase"]
[SourceQuality "1"]
[TimeControl "5400+30"]

1. d4 Nf6 2. c4 e6 3. g3 d5 4. Nf3 dxc4 5. Bg2 a6 6. O-O Nc6 7. e3 Rb8 8. Nfd2 Be7 9. Nxc4 O-O 10. Nc3 {[%emt 0:01:12] E04: Open Catalan: 5 Nf3} Bd7 (10... Qd7 11. b3 Rd8 12. Bb2 b5 13. Ne5 Nxe5 14. dxe5 Qxd1 15. Rfxd1 Nd7 {½-½ (110) Dobrov,V (2496)-Vazquez Igarza,R (2573) Benasque 2017}) 11. Qe2 b5 12. Ne5 Na5 13. Rd1 Be8 $146 ({Predecessor:} 13... Qc8 14. Bd2 {1-0 (51) Ghosh,D (2417)-Ashiku,F (2152) Athens 2012}) 14. b3 b4 15. Ne4 Bb5 16. Qc2 Nd5 17. Bb2 f6 18. Nd3 Nb7 19. Rac1 Qe8 20. Nec5 Nxc5 21. Nxc5 Qf7 22. Qe4 Rb6 23. Qf3 Rd6 24. e4 Nb6 25. Qe3 Re8 26. e5 fxe5 27. dxe5 Rxd1+ 28. Rxd1 Rf8 29. Bh3 Qh5 30. Bxe6+ Kh8 31. Re1 Rd8 32. Bd4 Qg6 33. Bh3 Nd5 34. Qe4 Qh6 35. Bg2 Qd2 36. Ne6 Rd7 $4 (36... Bd3 $19 {avoids the disaster.} 37. Qxd3 Qxd3) 37. Bc5 $4 (37. Bf1 $18 {avoids the disaster.}) 37... Bc6 $4 (37... Bd3 $19 38. Re2 Bxe2) 38. Qe2 Qxe2 39. Rxe2 Nc3 $2 (39... Bb5) 40. Re1 (40. Bxc6 $142 Nxe2+ 41. Kf1 Nxg3+ 42. hxg3 Rd1+ 43. Ke2 Bxc5 44. Kxd1 Bxf2 45. Nxc7) 40... Bb5 41. Bxe7 Rxe7 42. Nd4 Be8 43. e6 g6 44. f4 Kg7 (44... c5 $16 45. Nc6 Bxc6 46. Bxc6 Nxa2) 45. f5 c5 46. Rf1 Kf6 47. fxg6+ Kxg6 48. Nf5 $15 Rxe6 49. Nh4+ Kg7 50. Nf5+ Kg8 51. Bh3 Bb5 52. Nd4 Bxf1 53. Bxe6+ Kf8 54. Nc6 Bb5 55. Ne5 Nxa2 56. Kf2 Kg7 57. Nf3 a5 58. Ke3 Nc3 59. Nd2 a4 60. bxa4 Nxa4 61. g4 Kf6 62. Bg8 h6 63. h4 Bd7 64. Bb3 Ke5 65. g5 hxg5 66. hxg5 Nb6 67. g6 Nd5+ 68. Kd3 Bb5+ 69. Nc4+ Kf6 70. Ke4 Nc3+ 71. Kf4 Ne2+ 72. Ke4 Bc6+ 73. Ke3 Nd4 74. Bd1 Bd5 75. Nb6 Be6 76. Na4 Nf5+ 77. Kd2 c4 78. Nc5 Bg8 79. Bc2 Nd4 80. Bb1 Nf3+ 81. Ke3 Ne5 82. Kd4 Nc6+ 83. Ke3 Ne7 84. Na6 b3 85. Nc5 Nxg6 86. Bxg6 Kxg6 87. Na4 Kf5 88. Kd4 Kf4 89. Nb2 Kf3 90. Na4 Ke2 91. Kc3 Kd1 92. Nb2+ Kc1 93. Na4 Kb1 94. Nb2 Ka2 95. Na4 Ka3 96. Nb2 Bf7 97. Nd1 Bh5 98. Ne3 Be2 {[%emt 0:00:20] Kb2+} 0-1

[Event "UZB-ch Women 2019"]
[Site "Tashkent"]
[Date "2019.05.10"]
[Round "7.4"]
[White "Khusainova, Ozoda"]
[Black "Hamrakulova, Yulduz"]
[Result "1/2-1/2"]
[ECO "E10"]
[WhiteElo "1674"]
[BlackElo "2009"]
[Annotator "NA"]
[PlyCount "122"]
[EventDate "2019.05.04"]
[EventType "tourn"]
[EventCountry "UZB"]
[SourceTitle "playchess.com"]
[Source "ChessBase"]
[SourceQuality "1"]
[TimeControl "5400+30"]

1. d4 Nf6 2. c4 e6 3. Nf3 d5 4. cxd5 exd5 5. Bg5 Nbd7 6. Nc3 Bb4 7. e3 c5 8. Nd2 {[%emt 0:07:23] D38: Queen's Gambit Declined: Ragozin Defence (4 Nf3 Bb4)} (8. Bd3 Qa5 9. O-O Bxc3 10. bxc3 c4 11. Bf5 Qxc3 12. Bxf6 gxf6 13. Qa4 a6 14. Rab1 b5 15. Rxb5 axb5 16. Qxa8 O-O 17. Qxd5 Nb6 18. Qxb5 Bxf5 19. Qxf5 Qd3 20. Qxf6 Na4 21. Ne5 Qe4 22. Nxc4 {1-0 (22) Sarana,A (2618)-Sjugirov,S (2663) St Petersburg 2018}) 8... Bxc3 9. bxc3 O-O 10. Be2 $146 ({Predecessor:} 10. Bd3 c4 11. Bc2 Qa5 12. Qc1 Re8 13. Bh4 Qa6 14. O-O Ne4 15. Nxe4 dxe4 {1-0 (29) Garcia Trobat,F (2305)-Reig Albero,F Ateneo 1992}) 10... Re8 11. O-O h6 12. Bh4 b6 13. Bf3 g5 14. Bg3 Ba6 15. Be2 Bxe2 16. Qxe2 Qe7 17. Rae1 Rac8 18. Rc1 Rc6 19. Qa6 Nf8 20. dxc5 Rxc5 21. Nb3 Rc4 22. Nd4 Ne4 23. Ne2 Ne6 24. Rfd1 Rc5 25. Qd3 Qf6 26. f3 Nxg3 27. Nxg3 Rec8 $11 28. Qf5 Qxf5 29. Nxf5 Kh7 30. Ne7 Rd8 31. Rd3 d4 32. exd4 Rxd4 33. Rcd1 Rxd3 34. Rxd3 Nf4 35. Re3 Rxc3 36. Rxc3 Ne2+ 37. Kf2 Nxc3 38. Nc8 Nxa2 39. Nxa7 Nc3 40. Ke3 Kg6 41. Kd4 Na4 42. Nc6 f5 43. Ne7+ Kf6 44. Ng8+ Kg7 45. Ne7 f4 46. g3 fxg3 47. hxg3 Kf6 48. Nd5+ Kg6 49. Ne7+ Kf7 50. Nd5 h5 51. Ke5 Kg6 52. Ne7+ Kf7 53. Nd5 Kg6 54. Ne7+ Kf7 55. Nd5 h4 56. gxh4 gxh4 57. Kf4 Ke6 58. Nxb6 Nxb6 59. Kg4 Ke5 60. Kxh4 Kf4 61. Kh5 Nd7 1/2-1/2

[Event "UZB-ch Women 2019"]
[Site "Tashkent"]
[Date "2019.05.10"]
[Round "7.5"]
[White "Gevorgyan, Irina"]
[Black "Omonova, Umida"]
[Result "1/2-1/2"]
[ECO "D26"]
[WhiteElo "2315"]
[BlackElo "2083"]
[Annotator "NA"]
[PlyCount "43"]
[EventDate "2019.05.04"]
[EventType "tourn"]
[EventCountry "UZB"]
[SourceTitle "playchess.com"]
[Source "ChessBase"]
[SourceQuality "1"]
[TimeControl "5400+30"]

1. d4 d5 2. c4 dxc4 3. Nf3 Nf6 4. e3 e6 5. Bxc4 c5 6. Qe2 a6 7. dxc5 Bxc5 8. O-O O-O 9. e4 Nc6 10. Nc3 b5 11. Bb3 e5 12. h3 Be6 13. Bg5 h6 14. Bxf6 Qxf6 15. Nd5 Bxd5 16. Bxd5 Rac8 17. Rac1 Nd4 18. Nxd4 Bxd4 19. Rc2 Rc5 20. Rfc1 Rfc8 21. Rxc5 Rxc5 22. Rxc5 1/2-1/2

[Event "UZB-ch Women 2019"]
[Site "Tashkent"]
[Date "2019.05.11"]
[Round "8.3"]
[White "Abdusattorova, Bakhora"]
[Black "Khusainova, Ozoda"]
[Result "1-0"]
[ECO "C42"]
[WhiteElo "2094"]
[BlackElo "1674"]
[Annotator "NA RC"]
[PlyCount "67"]
[EventDate "2019.05.04"]
[EventType "tourn"]
[EventCountry "UZB"]
[SourceTitle "playchess.com"]
[Source "ChessBase"]
[SourceQuality "1"]
[TimeControl "5400+30"]

1. e4 e5 2. Nf3 Nf6 3. Nxe5 d6 4. Nc4 Nxe4 5. d3 Nf6 6. Be2 Be7 7. O-O O-O 8. d4 d5 9. Ne5 Ne4 10. Bd3 f6 11. Ng4 Nc6 12. c3 f5 13. Ne5 Nxe5 14. dxe5 c6 15. Nd2 Bc5 16. Nf3 b5 17. Qc2 a5 18. Nd4 Qb6 19. Nb3 Bd7 20. Nxc5 Qxc5 21. a4 b4 22. Be3 Qe7 23. cxb4 Qxe5 24. f3 Nf6 25. Rfe1 Rfe8 26. bxa5 f4 27. Bf2 Qc7 28. Rxe8+ Rxe8 29. a6 Qa5 30. Qc3 Qxc3 31. bxc3 Be6 32. a7 Bf7 33. Rb1 Nd7 34. Bf5 1-0

[Event "UZB-ch Women 2019"]
[Site "Tashkent"]
[Date "2019.05.12"]
[Round "9.5"]
[White "Omonova, Umida"]
[Black "Hamrakulova, Yulduz"]
[Result "1-0"]
[ECO "C50"]
[WhiteElo "2083"]
[BlackElo "2009"]
[Annotator "NA RC"]
[PlyCount "84"]
[EventDate "2019.05.04"]
[EventType "tourn"]
[EventCountry "UZB"]
[SourceTitle "playchess.com"]
[Source "ChessBase"]
[SourceQuality "1"]
[TimeControl "5400+30"]

1. e4 e5 2. Bc4 Nf6 3. d3 Nc6 4. Nf3 Bc5 5. O-O d6 6. Nbd2 {C50: Hungarian Defence and Giuoco Pianissimo} (6. c3 a6 7. a4 h6 8. Nbd2 O-O 9. Re1 Re8 10. Nf1 Ba7 11. Ng3 Be6 12. Bxe6 Rxe6 13. b4 d5 14. Qb3 Qd7 15. h3 Rd8 {0-1 (76) Yu,Y (2751)-Harikrishna,P (2723) Shenzhen 2019}) 6... a6 7. a4 O-O 8. h3 h6 9. Re1 Re8 10. Nf1 Be6 $146 ({Predecessor:} 10... Ne7 11. Be3 Ba7 12. Bxa7 Rxa7 13. a5 {0-1 (36) Chekhani,A-Khosravi Mahmoei,H (1254) Batumi 2016}) 11. Bxe6 Rxe6 12. c3 Bb6 13. Qc2 d5 14. Ne3 Qd7 15. b4 d4 16. Nc4 dxc3 17. Nxb6 cxb6 18. Qxc3 Rc8 19. Qb3 Qd6 20. Rb1 b5 21. axb5 axb5 22. Be3 Qd7 23. Red1 Nd4 24. Bxd4 exd4 25. Rbc1 Rd8 26. Rc2 Ra6 27. Rdc1 Qe6 28. Qb2 Ra4 29. Nxd4 Qd6 30. Rc8 Kh7 31. Nf5 Qxd3 32. Rxd8 Qxd8 33. e5 Nh5 34. Nd6 Qd7 35. Qb1+ g6 36. g4 Nf4 37. Ne4 Kg7 38. e6 Nxe6 39. Rd1 Qe7 40. Qb2+ f6 {[%emt 0:00:54] [#]} 41. Nxf6 $1 Rxb4 {[%emt 0:00:19] [#]} 42. Qe5 $18 Qd8 1-0